 Dungeon Crawl Stone Soup version 0.30-a0-626-gd6a5dd7a1f (webtiles) character file.

Game seed: 18329759829114918869

6157 KennySheep the Stinger (level 10, -5/81 HPs)
             Began as a Demigod Venom Mage on Jan 12, 2023.
             Slain by an orc warlord
             ... wielding a +4 battleaxe
              (34 damage)
             ... in a bailey.
             The game lasted 00:39:02 (9721 turns).

KennySheep the Stinger (Demigod Venom Mage)         Turns: 9721, Time: 00:39:03

Health: -5/81      AC:  2    Str: 20    XL:     10   Next: 34%
Magic:  15/21      EV: 27    Int: 21    God:
Gold:   401        SH:  0    Dex: 19    Spells: 0/19 levels left

rFire   . . .      SeeInvis +      - Unarmed
rCold   . . .      Faith    .    (shield currently unavailable)
rNeg    . . .      Spirit   .    (body armour currently unavailable)
rPois   x          Reflect  .    (helmet currently unavailable)
rElec   .          Harm     .    (cloak currently unavailable)
rCorr   .          Rampage  .    (gloves currently unavailable)
Will    +....                    (boots currently unavailable)
Stlth   +                        t - amulet of magic regeneration
HPRegen 0.33/turn                I - ring "Ubru" {*Corrode +Blink Str+3 SInv Stlth-}
MPRegen 0.57/turn                r - +5 ring of evasion

@: spider-form, wereblooded, very slightly contaminated, studying Fighting
A: venomous fangs, tiny, high MP 1, forlorn, divine attributes
a: End Transformation, Evoke Blink


You were in a bailey.
You were a venomous arachnid creature.
You visited 1 branch of the dungeon, and saw 9 of its levels.
You also visited: Sewer and Bailey.

You collected 712 gold pieces.
You spent 311 gold pieces at shops.

Inventory:

Missiles
 z - 3 throwing nets
Armour
 s - +2 swamp dragon scales (melded)
 x - a +0 cloak (melded)
 y - a +2 pair of gloves (melded)
Magical Staves
 p - a staff of conjuration
Jewellery
 h - a +6 ring of intelligence
 q - an amulet of the acrobat
 r - a +5 ring of evasion (right front pincers)
 t - an amulet of magic regeneration (around neck)
 B - a ring of protection from cold
 D - a +6 ring of dexterity
 E - a +6 ring of intelligence
 F - a +6 ring of strength
 I - the ring "Ubru" (left front pincers) {*Corrode +Blink Str+3 SInv Stlth-}
   (You bought it in a shop on level 8 of the Dungeon)

   [ring of see invisible]

   Str:       It affects your strength (+3).
   SInv:      It lets you see invisible.
   +Blink:    It lets you blink.
   *Corrode:  It may corrode you when you take damage.
   Stlth:     It makes you less stealthy.
Wands
 u - a wand of charming (5)
 A - a wand of flame (24)
 H - a wand of roots (9)
Scrolls
 c - 3 scrolls of immolation
 d - 3 scrolls of teleportation
 e - 2 scrolls of fog
 i - a scroll of summoning
 k - a scroll of poison
 m - a scroll of brand weapon
 o - a scroll of vulnerability
 w - a scroll of silence
 J - a scroll of fear
Potions
 a - 4 potions of curing
 b - a potion of magic
 f - a potion of heal wounds
 j - 4 potions of flight
 l - a potion of might
 n - 2 potions of degeneration {unknown}
 v - 3 potions of attraction
 C - 3 potions of cancellation {unknown}
 G - a potion of mutation {unknown}
Miscellaneous
 g - a box of beasts


   Skills:
 + Level 5.3 Fighting
 + Level 4.6 Dodging
 - Level 1.7 Stealth
 * Level 6.9 Unarmed Combat
 + Level 5.4 Spellcasting
 - Level 0.5 Conjurations
 - Level 4.5 Translocations
 + Level 3.1 Transmutations
 - Level 0.6 Air Magic
 + Level 7.9 Poison Magic
 - Level 0.3 Evocations


You couldn't memorise any spells.
You knew the following spells:

 Your Spells              Type           Power      Damage    Failure   Level
a - Sting                 Tmut/Pois      100%       1d8       5%          1
b - Wereblood             Tmut           18%        N/A       13%         2
c - Olgreb's Toxic Radia  Pois           39%        N/A       13%         4
d - Gell's Gravitas       Tloc           24%        N/A       14%         3
e - Mephitic Cloud        Conj/Pois/Air  18%        N/A       22%         3
f - Teleport Other        Tloc           24%        N/A       14%         3
z - Spider Form           Tmut/Pois      28%        N/A       11%         3

Your spell library contained the following spells:

 Spells                   Type           Power      Damage    Failure   Level
 Poisonous Vapours        Pois/Air       46%        N/A       10%         2
 Beastly Appendage        Tmut           36%        N/A       11%         1
 Lesser Beckoning         Tloc           48%        N/A       14%         3
 Magic Dart               Conj           32%        1d4       22%         1
 Call Imp                 Summ           5%         N/A       34%         2
 Sublimation of Blood     Necr           5%         N/A       34%         2
 Summon Hydra             Summ           2%         N/A       100%        7


Dungeon Overview and Level Annotations

Branches:
Dungeon (9/15)             Temple (0/1) D:6            Lair (0/5) D:8
  Sewer (visited)          Bailey (1/1)
    Orc: D:9-12

Shops:
D:8 =


Innate Abilities, Weirdness & Mutations

You are a venomous arachnid creature.
You have venomous fangs.
You are tiny and dextrous.
Your spellcasting is less reliable in this form.
Your armour is entirely melded.
You are incapable of wielding weapons or throwing items.
You have an increased reservoir of magic. (+10% MP)
You shall have no god before yourself.
Your divine heritage dramatically boosts your attributes as you level up.


Message History

You enter the shallow water.
Moving in this stuff is going to be slow.
You howl as the wereblood boils in your veins!
The orc warlord looks even sicker.
Your toxic aura wanes.
You howl as the wereblood boils in your veins!
There is an open translucent gate here.
Casting: Olgreb's Toxic Radiance (dangerous; 7% risk of failure)
Confirm with . or Enter, or press ? or * to list all spells.
You miscast Olgreb's Toxic Radiance.
You are very lightly contaminated with residual magic.
Nothing appears to happen.
Casting: Olgreb's Toxic Radiance (dangerous; 7% risk of failure)
Confirm with . or Enter, or press ? or * to list all spells.
You turn into a venomous arachnid creature.
Your +0 cloak melds into your body.
Your +2 pair of gloves melds into your body.
Your +2 swamp dragon scales melds into your body.
You bite the orc warlord!
The orc warlord looks as sick as possible!
The orc warlord is moderately wounded.
You bite the orc warlord!
The orc warlord is moderately wounded.
You hiss as the wereblood boils in your veins!
The orc warlord hits you with a +4 battleaxe!!
You bite the orc warlord!
The orc warlord looks as sick as possible!
The orc warlord is heavily wounded.
The orc warlord hits you with a +4 battleaxe!
You bite the orc warlord!
The orc warlord is severely wounded.
You bite the orc warlord!
The orc warlord is severely wounded.
The orc warlord hits you with a +4 battleaxe!
The hobgoblin splashes around in the water.
You bite the orc warlord!
The orc warlord looks as sick as possible!
The orc warlord is severely wounded.
The orc warlord hits you with a +4 battleaxe!!
You die...

## ##### $.# ##...##
...# ##....?##
....#######..)....##
.8........).)8..8..##
.......)..)).......!#
.....).(.(.........$#
.....#'s'#......8...#
.####~og####......##
#~~~~~~~~~#.....##♣
#~.8...8.~#....##.♣
##.......###'###..♣♣
#~~.8...8.~~#.~~~...♣
#~.........~#.~~~...♣
#~....∩....~#.~~~...∩
##.........##)(~~...♣


You could see an orc warlord (extremely poisoned) and a hobgoblin.

Vanquished Creatures
  Joseph (D:7)
  An unseen horror (D:8)
  Maggie (D:6)
  5 yaks (D:8)
  A wyvern (D:8)
  2 steam dragons
  Menkaure (D:6)
  2 water moccasins
  Pargi (Sewer)
  A sky beast (D:8)
  A black bear (D:8)
  8 orc warriors
  2 ice beasts
  An ogre (D:7)
  3 centaurs
  3 kobold brigands
  4 bullfrogs
  A gnoll sergeant (D:8)
  2 scorpions
  2 necrophages
  2 wights
  2 howler monkeys (D:7)
  Crazy Yiuf (D:6)
  2 jellies (D:6)
  5 orc priests
  4 gnoll boudas
  3 hounds
  3 iguanas
  12 orc wizards
  9 adders
  30 gnolls
  A shadow imp (D:5)
  An ufetubus (D:5)
  A worm (D:6)
  5 dart slugs
  25 orcs
  8 bats
  9 endoplasms
  6 giant cockroaches
  8 goblins
  10 hobgoblins
  2 jackals (D:4)
  30 kobolds
  8 quokkas
  9 ball pythons
  4 frilled lizards (D:1)
  3 rats
246 creatures vanquished.

Vanquished Creatures (others)
  A hound (D:7)
1 creature vanquished.

Grand Total: 247 creatures vanquished

Notes
Turn   | Place    | Note
-------+----------+-------------------------------------------
     0 | D:1      | KennySheep the Demigod Venom Mage began the quest for the
                  | Orb.
     0 | D:1      | Reached XP level 1. HP: 14/14 MP: 5/5
    32 | D:1      | Reached skill level 1 in Transmutations
   215 | D:1      | Reached XP level 2. HP: 14/20 MP: 5/7
   223 | D:1      | Reached skill level 3 in Poison Magic
   783 | D:2      | Reached XP level 3. HP: 19/26 MP: 2/8
   930 | D:2      | Learned a level 2 spell: Wereblood
  2827 | D:3      | Reached XP level 4. HP: 15/33 MP: 6/10
  2832 | D:3      | Reached skill level 4 in Poison Magic
  2878 | D:3      | Learned a level 4 spell: Olgreb's Toxic Radiance
  3562 | D:4      | Reached XP level 5. HP: 35/38 MP: 8/12
  3918 | D:4      | Reached skill level 5 in Poison Magic
  4252 | D:4      | Reached XP level 6. HP: 21/45 MP: 12/14
  4504 | D:5      | Entered Level 5 of the Dungeon
  4571 | D:5      | Reached skill level 1 in Unarmed Combat
  4574 | D:5      | Reached skill level 1 in Fighting
  4767 | D:5      | Reached skill level 6 in Poison Magic
  4767 | D:5      | Reached XP level 7. HP: 50/52 MP: 15/15
  5064 | D:5      | You fall into a shaft and drop 1 floor!
  5205 | D:6      | Found a glowing drain.
  5216 | Sewer    | Entered a sewer
  5250 | Sewer    | Noticed Pargi
  5260 | Sewer    | Killed Pargi
  5431 | D:6      | Found a runed translucent door.
  5432 | D:6      | Noticed Crazy Yiuf
  5449 | D:6      | Noticed Menkaure
  5464 | D:6      | Killed Menkaure
  5465 | D:6      | Reached XP level 8. HP: 17/62 MP: 16/18
  5745 | D:5      | Reached skill level 7 in Poison Magic
  5918 | D:5      | Learned a level 3 spell: Gell's Gravitas
  6290 | D:6      | Reached skill level 1 in Translocations
  6715 | D:6      | Noticed Maggie
  6727 | D:6      | Learned a level 3 spell: Mephitic Cloud
  6752 | D:6      | Killed Maggie
  7008 | D:6      | Found a staircase to the Ecumenical Temple.
  7375 | D:6      | Killed Crazy Yiuf
  7584 | D:7      | Reached XP level 9. HP: 71/71 MP: 10/19
  7728 | D:7      | Reached skill level 5 in Unarmed Combat
  7752 | D:7      | Learned a level 3 spell: Teleport Other
  7825 | D:7      | Noticed Joseph
  7849 | D:7      | Killed Joseph
  8446 | D:8      | Killed an unseen horror
  8447 | D:8      | Reached skill level 5 in Spellcasting
  8694 | D:8      | Reached XP level 10. HP: 75/80 MP: 16/21
  8903 | D:8      | Found a staircase to the Lair.
  9056 | D:8      | Found Huoficinem's Jewellery Shoppe.
  9073 | D:8      | Bought the ring "Ubru" {*Corrode +Blink Str+3 SInv Stlth-}
                  | for 311 gold pieces
  9391 | D:9      | Reached skill level 5 in Fighting
  9408 | D:9      | Learned a level 3 spell: Spider Form
  9586 | D:9      | Found a flagged portal.
  9600 | D:9      | Identified the +10 hand axe of the Nurturing Sybil {flame,
                  | rF+}
  9603 | Bailey   | Entered a bailey
  9608 | Bailey   | Noticed an orc warlord
  9692 | Bailey   | Found a runed translucent gate.
  9692 | Bailey   | Found a runed translucent gate.
  9692 | Bailey   | Found a runed translucent gate.
  9721 | Bailey   | Slain by an orc warlord

Illustrated notes

Levels and vault maps discovered:
D:1:      minmay_arrival_cross, layout_rooms
D:2:      minmay_evil_eye, layout_loops_ring, skrybe_limestone_x,
          roderic_serpentine_path, minivault_5
D:3:      layout_basic, minmay_strange_pillars
D:4:      layout_basic, bloody_trog, nicolae_ru_sacrificial_ziggurat
D:5:      layout_rooms, tso_metal_star
D:6:      layout_basic, minmay_temple_entry_enclosed_plants,
          gup_sewer_entry_bubbles, uniq_maggie, uniq_crazy_yiuf_cottage,
          uniq_menkaure
D:7:      layout_cave_pools, nicolae_wu_jian_wuxing_cycle, jmf_multi_god_temple,
          hangedman_decor_peaks_small, kennysheep_windowed_goal, uniq_joseph
D:8:      layout_basic, amcnicky_altar_gilded, dpeg_oklobed_lair, serial_shops,
          nicolae_shop_waterfront, abandoned_shop, minmay_manual_mail
D:9:      layout_roguey, enter_bailey_2, uniq_pikel
Bailey:   bailey_axe_bossmonster_kennysheep, bailey

Skill      XL: |  1  2  3  4  5  6  7  8  9 10 |
---------------+-------------------------------+-----
Transmutations | 1 2 3 |  3.1
Poison Magic   | 3 4 5 6 7 |  7.9
Spellcasting   | 2 3 4 5 |  5.4
Unarmed Combat | 1 2 4 6 |  6.9
Fighting       | 1 2 3 4 5 |  5.3
Dodging        | 3 4 |  4.6
Translocations | 1 4 |  4.5
Stealth        | |  1.7
Conjurations   | |  0.5
Air Magic      | |  0.6
Evocations     | |  0.3

Action                   |  1- 3 |  4- 6 |  7- 9 | 10-12 || total
-------------------------+-------+-------+-------+-------++-------
Melee: Unarmed           |    23 |    51 |   183 |    90 ||   347
       Punch             |     1 |       |     9 |     3 ||    13
 Cast: Sting             |   107 |   126 |    84 |       ||   317
       Wereblood         |       |     1 |     2 |     2 ||     5
       Olgreb's Toxic Ra |       |     3 |    48 |     8 ||    59
       Gell's Gravitas   |       |       |     6 |       ||     6
       Teleport Other    |       |       |     2 |       ||     2
       Spider Form       |       |       |       |     2 ||     2
  Use: Scroll            |     5 |       |    11 |     1 ||    17
       Potion            |     1 |     4 |     4 |       ||     9
 Stab: Sleeping          |       |       |     1 |       ||     1
Armor: Robe              |    12 |     1 |       |       ||    13
       Leather armour    |       |    19 |    14 |       ||    33
       Steam dragon scal |       |       |     5 |       ||     5
       Swamp dragon scal |       |       |    46 |    22 ||    68
Dodge: Dodged            |    53 |   109 |   171 |    72 ||   405

Table legend: (Time is in decaauts)
 A = Elapsed time spent in this place.
 B = Non-inter-level travel time spent in this place.
 C = Inter-level travel time spent in this place.
 D = Time resting spent in this place.
 E = Time spent auto-exploring this place.
 F = Levels seen in this place.
 G = Mean time per level.
                   A        B        C        D        E       F      G
               +--------+--------+--------+--------+--------+-----+--------+
         Total |   9707 |   9368 |    339 |   1559 |   5686 |  11 |  882.5 |
       Dungeon |   9485 |   9146 |    339 |   1547 |   5633 |   9 | 1053.9 |
         Sewer |    108 |    108 |      0 |     12 |     53 |   1 |  108.0 |
        Bailey |    113 |    113 |      0 |      0 |      0 |   1 |  113.0 |
               +--------+--------+--------+--------+--------+-----+--------+

Top non-repeatable levels by time:
     D:6: 1955 daAuts
     D:2: 1425 daAuts
     D:3: 1156 daAuts
     D:4: 1137 daAuts
     D:5: 1039 daAuts
     D:8: 915 daAuts
     D:7: 803 daAuts
     D:1: 769 daAuts
     D:9: 283 daAuts
  Bailey: 113 daAuts
   Sewer: 108 daAuts
